AoeStats
← ISRAEL AKBAR

Nomad

505939719Analyzed
2v2 RM · 21d ago on Sep 11, 2026· 39m 27s· 4 players
Game mode
Random Map
Map size
176×176
Population
200
Speed
Normal
Resources
Standard
Victory
Conquest
Starting age
Dark Age
Ending age
Imperial Age
RankedLock teamsTeams togetherTeam positionsShared explorationLock speedFull tech treeHidden civsTurbo modeCheats
Victory
Defeat
🇧🇪 Franks · Belgium
650
+13
🇺🇸 Persians · United States
629
+14
🇸🇪 Byzantines · Sweden
605
-14
🇸🇪 Magyars · Sweden
578
-13
r93robin
17:38 Feudal Age
17:13 Loom
19:56 Double-Bit Axe
20:00 Fishing Lines
23:13 Castle Age
26:43 Gold Mining
28:07 Husbandry
28:59 Bow Saw
33:48 Gold Shaft Mining
37:58 Imperial Age
35:41 Gillnets
36:30 Wheelbarrow
35:41 Town Watch
37:17 Scale Barding Armor
37:23 Forging
38:01 Hand Cart
38:56 #83
38:52 Cavalier
40:01 Chivalry
Natearthur123
5:07 Loom
27:29 Feudal Age
31:25 Castle Age
29:29 Man-at-Arms
29:58 Arson
31:08 Forging
30:59 Scale Mail Armor
31:41 Long Swordsman
32:07 Gambesons
32:23 Squires
33:05 Pikeman
35:35 Medium Warships
35:22 Fletching
36:12 Iron Casting
36:30 Bodkin Arrow
38:57 Chain Mail Armor
ISRAEL AKBAR
15:18 Feudal Age
24:03 Castle Age
21:59 Double-Bit Axe
21:57 Horse Collar
25:19 Scale Barding Armor
25:16 Scale Mail Armor
25:49 Fletching
31:12 Bloodlines
31:03 Husbandry
32:01 Bow Saw
31:54 Heavy Plow
31:58 Bodkin Arrow
32:24 Chain Barding Armor
32:05 Padded Archer Armor
32:17 Gold Mining
32:19 Stone Mining
Ponta
23:25 Feudal Age
23:51 Fishing Lines
25:33 Man-at-Arms
Connection lost

Rejoining the realm…

Still unreachable

The connection could not be restored.

Session expired

The server has moved on; the page needs a fresh start.